 Dungeon Crawl Stone Soup version 0.18-a0-1485-g189885c (webtiles) character file.

4179 Karasique the Skirmisher (level 10, -1/55 HPs)
             Began as a Vine Stalker Warper on Mar 3, 2016.
             Slain by a six-headed hydra (2 damage)
             ... on level 9 of the Dungeon.
             The game lasted 00:19:14 (6485 turns).

Karasique the Skirmisher (Vine Stalker Warper)      Turns: 6485, Time: 00:19:14

Health: -1/55      AC: 10    Str: 12    XL:     10   Next: 28%
Magic:  0/14       EV: 19    Int: 15    God:
Gold:   403        SH:  0    Dex: 17    Spells: 3 memorised, 8 levels left

rFire  . . .     SeeInvis .     I - +0 long sword (elec)
rCold  + . .     Gourm    .     C - +3 leather armour {rC+}
rNeg   . . .     Faith    .     (no shield)
rPois  .         Spirit   +     (no helmet)
rElec  .         Dismiss  .     (no cloak)
rCorr  .         Reflect  .     s - +1 pair of gloves
SustAt .         Harm     .     M - +0 pair of boots
MR     +....                    g - amulet of rage
Stlth  +.........               E - +3 ring of evasion
                                a - +2 ring of intelligence

@: lethally poisoned (-1 -> -1), somewhat resistant to hostile enchantments,
very unstealthy
A: fangs 3, mutation resistance 1, regeneration 2, weak 1, magic shield,
antimagic bite, no device heal 3, rot immunity
a: Evoke Berserk Rage


You were on level 9 of the Dungeon.
You were not hungry.

You visited 2 branches of the dungeon, and saw 10 of its levels.

You collected 403 gold pieces.

Inventory:

Hand Weapons
 I - a +0 long sword of electrocution (weapon)
Missiles
 e - 5 tomahawks of dispersal (quivered)
 G - a throwing net
Armour
 s - a +1 pair of gloves (worn)
 C - a +3 leather armour of cold resistance (worn)
 M - a +0 pair of boots (worn)
Jewellery
 a - a +2 ring of intelligence (left hand)
 g - an amulet of rage (around neck)
 n - an uncursed ring of resist corrosion
 E - a +3 ring of evasion (right hand)
Wands
 m - a wand of lightning (8/15)
 r - a wand of disintegration (5/24)
 A - a wand of random effects (33/48)
 D - a wand of iceblast (8/15)
 H - a wand of flame (10/48)
 O - a wand of flame (11/48)
 R - a wand of acid (6/15)
Scrolls
 d - 2 scrolls of blinking
 h - 5 scrolls of amnesia
 v - a scroll of enchant weapon
 w - 2 scrolls of teleportation {unknown}
 x - 2 scrolls of remove curse
 y - a scroll of fog {unknown}
 J - 2 scrolls of identify {unknown}
Potions
 b - 3 potions of flight {unknown}
 i - 2 potions of lignification {unknown}
 j - 2 potions of brilliance
 k - 2 potions of heal wounds {unknown}
 o - 6 potions of curing
 p - 2 potions of haste
 q - 2 potions of cancellation {unknown}
 t - 2 potions of resistance {unknown}
 u - a potion of agility {unknown}
 B - a potion of ambrosia {unknown}
 F - a potion of might {unknown}
 K - 2 potions of invisibility {unknown}
 L - a potion of cure mutation {unknown}
Books
 c - a book of Spatial Translocations

   Spells                             Type                      Level
   a - Apportation                    Translocation                1
   b - Blink                          Translocation                2
   c - Shroud of Golubria             Charms/Translocation         2
   d - Portal Projectile              Translocation                3
   e - Teleport Other                 Translocation                3
   f - Passage of Golubria            Translocation                4
 P - a book of Enchantments

   Spells                             Type                      Level
   a - Cause Fear                     Hexes                        4
   b - Yara's Violent Unravelling     Hexes/Transmutation          5
   c - Silence                        Hexes/Air                    5
   d - Deflect Missiles               Charms/Air                   6
   e - Haste                          Charms                       6
   f - Discord                        Hexes                        8
Comestibles
 f - 4 bread rations
 l - 2 royal jellies
 z - a beef jerky
 N - a meat ration
 Q - a chunk of flesh


   Skills:
 + Level 7.4 Fighting
 - Level 4.2 Long Blades
 - Level 0.8 Throwing
 + Level 4.6 Armour
 + Level 6.8 Dodging
 - Level 2.1 Spellcasting
 - Level 3.2 Charms
 - Level 6.0 Translocations


You had 8 spell levels left.
You knew the following spells:

 Your Spells              Type           Power        Failure   Level  Hunger
a - Apportation           Tloc           ###.......   2%          1    #......
b - Blink                 Tloc           N/A          3%          2    ###....
c - Shroud of Golubria    Chrm/Tloc      ###.......   8%          2    ###....


Dungeon Overview and Level Annotations

Branches:
Dungeon (9/15)             Temple (1/1) D:7            Lair (0/8) D:8
    Orc: D:9-12

Altars:
Ashenzari
Cheibriados
Dithmenos
Elyvilon
Fedhas
Gozag
Kikubaaqudgha
Makhleb
Nemelex Xobeh
Pakellas
Qazlal
Ru
Trog
Vehumet
Xom
Yredelemnul
Zin
The Shining One

Annotations:
D:8 exclusion: ice statue


Innate Abilities, Weirdness & Mutations

You have razor-sharp teeth.
You heal very quickly.
When hurt, damage is shared between your health and your magic reserves.
Your bite disrupts and absorbs the magic of your enemies.
Potions and wands cannot restore your health.
You are immune to rotting.
You are somewhat resistant to further mutation.
You are weak. (Str -2)


Message History

The kobold closely misses you. The hound bites you but does no damage.
The kobold completely misses you. The kobold hits you but does no damage.
The six-headed hydra bites you! The six-headed hydra bites you.
The six-headed hydra closely misses you.
The six-headed hydra bites you but does no damage. x2
The six-headed hydra bites you. The kobold closely misses you.
The hound misses you. The kobold completely misses you. x2
You are too injured to fight recklessly!
You are too injured to fight recklessly!
You hit the hound but do no damage.
There is a sudden explosion of sparks!
You kill the hound!
The six-headed hydra bites you! The six-headed hydra barely misses you.
The six-headed hydra bites you! The six-headed hydra barely misses you.
The six-headed hydra misses you.
The six-headed hydra bites you but does no damage.
The kobold hits you but does no damage. The kobold misses you.
The kobold barely misses you. The six-headed hydra barely misses you.
The six-headed hydra bites you. x3; The six-headed hydra misses you.
The six-headed hydra bites you.
You die...

## .#
#####.##
#<(....#
#.(....#
#..†KK.#
#...@D.#
#...KK.#
#..........#
###......###
########


You could see a six-headed hydra and 4 kobolds.

Vanquished Creatures
  The ghost of yogakurto the Ruffian, an amateur CeMo of Qazlal (D:3)
  Sigmund (D:3)
  Eustachio (D:4)
  2 hell hounds (D:8)
  An ice beast (D:8)
  2 orc warriors
  2 ogres
  A necrophage (D:7)
  A sky beast (D:8)
  5 phantoms
  A centaur (D:8)
  11 big kobolds
  4 giant frogs
  A wyvern zombie (D:8)
  A water moccasin zombie (D:5)
  2 scorpions
  4 howler monkeys (D:7)
  2 crimson imps (D:5)
  A centaur zombie (D:6)
  A jelly (D:8)
  4 hounds
  4 orc priests
  2 centaur skeletons (D:4)
  2 orc wizards
  3 iguanas
  Jessica (D:3)
  3 worker ants
  4 gnolls (D:6)
  8 adders
  A shadow imp (D:6)
  2 oozes
  2 adder skeletons
  An adder zombie (D:6)
  2 worms
  3 dart slugs
  3 giant geckos
  23 orcs
  A ball python (D:3)
  9 bats
  2 bat skeletons (D:4)
  4 bat zombies (D:4)
  5 giant cockroaches
  8 goblins
  4 hobgoblins
  4 jackals (D:1)
  18 kobolds
  6 quokkas
  2 giant gecko skeletons (D:4)
  6 giant newts
  11 rats
193 creatures vanquished.

Notes
Turn   | Place    | Note
--------------------------------------------------------------
     0 | D:1      | Karasique the Vine Stalker Warper began the quest for the Orb.
     0 | D:1      | Reached XP level 1. HP: 11/11 MP: 4/4
    38 | D:1      | Reached XP level 2. HP: 15/15 MP: 6/6
   309 | D:1      | Reached XP level 3. HP: 18/18 MP: 5/7
   890 | D:2      | Reached XP level 4. HP: 20/23 MP: 8/8
  1092 | D:2      | Learned a level 2 spell: Blink
  1096 | D:2      | Learned a level 2 spell: Shroud of Golubria
  1126 | D:2      | Found a burning altar of Makhleb.
  1126 | D:2      | Noticed a balrug
  1463 | D:2      | Found a shadowy altar of Dithmenos.
  1551 | D:3      | Found a burning altar of Makhleb.
  1670 | D:3      | Noticed Jessica
  1676 | D:3      | Killed Jessica
  1676 | D:3      | Reached skill level 1 in Charms
  1676 | D:3      | Reached XP level 5. HP: 24/26 MP: 9/9
  1742 | D:3      | Found a shadowy altar of Dithmenos.
  1902 | D:3      | Noticed yogakurto's ghost (amateur CeMo)
  1950 | D:4      | Found a basalt altar of Yredelemnul.
  2066 | D:4      | Gained mutation: You heal very quickly. [Vine Stalker growth]
  2066 | D:4      | Reached XP level 6. HP: 6/30 MP: 3/10
  2119 | D:4      | Noticed a phantom
  2227 | D:4      | Killed a phantom
  2228 | D:4      | Noticed a phantom
  2247 | D:4      | Reached skill level 5 in Translocations
  2280 | D:4      | Noticed Eustachio
  2334 | D:4      | Killed a phantom
  2334 | D:4      | Reached XP level 7. HP: 10/34 MP: 11/11
  2640 | D:4      | Killed Eustachio
  2640 | D:4      | Reached skill level 2 in Fighting
  2795 | D:4      | Reached skill level 3 in Fighting
  2902 | D:4      | Found an opulent altar of Gozag.
  3029 | D:4      | Gained mutation: You have razor-sharp teeth. [Vine Stalker growth]
  3029 | D:4      | Reached XP level 8. HP: 35/40 MP: 10/12
  3069 | D:4      | Found an ancient bone altar of Kikubaaqudgha.
  3262 | D:3      | Noticed Sigmund
  3274 | D:3      | Killed Sigmund
  3274 | D:3      | Reached skill level 4 in Fighting
  3528 | D:3      | Killed yogakurto's ghost
  3616 | D:5      | Entered Level 5 of the Dungeon
  3795 | D:5      | Reached skill level 5 in Fighting
  4314 | D:6      | Reached skill level 1 in Armour
  4367 | D:6      | Found a radiant altar of Vehumet.
  4379 | D:6      | Reached XP level 9. HP: 39/47 MP: 10/13
  4483 | D:6      | Reached skill level 5 in Dodging
  5186 | D:7      | Reached skill level 6 in Fighting
  5293 | D:7      | Found a staircase to the Ecumenical Temple.
  5302 | Temple   | Entered the Ecumenical Temple
  5568 | D:7      | Found a sacrificial altar of Ru.
  5681 | D:8      | Found a glowing golden altar of the Shining One.
  5728 | D:8      | Found a glowing silver altar of Zin.
  5728 | D:8      | Found a white marble altar of Elyvilon.
  5803 | D:8      | Gained mutation: You are somewhat resistant to further mutation. [mutagenic meat]
  5805 | D:8      | Gained mutation: You are weak. (Str -2) [mutagenic meat]
  5814 | D:8      | Found a staircase to the Lair.
  6025 | D:8      | Found a shimmering altar of Xom.
  6132 | D:8      | Reached XP level 10. HP: 44/53 MP: 9/14
  6225 | D:8      | Reached skill level 7 in Fighting
  6408 | D:8      | Noticed an ice statue
  6421 | D:8      | Found a snail-covered altar of Cheibriados.
  6483 | D:9      | Noticed a six-headed hydra
  6485 | D:9      | HP: 1/55 [six-headed hydra (3)]
  6485 | D:9      | Slain by a six-headed hydra

Vault maps used:
D:1:      dpeg_arrival_shrine, columned_hall_lemuel, minmay_statues_item,
          due_unseen_surprise
D:2:      lemuel_coloured_pillars_altar, makhleb_altar_promises_db
D:3:      nicolae_overflow_hidden_temple, grunt_dithmenos_smoke_and_mirrors,
          uniq_sigmund, uniq_jessica
D:4:      grunt_gozag_statues, kennysheep_vampire_church,
          yredelemnul_altar_generic, first_bread, uniq_eustachio
D:5:      due_unseen_surprise
D:6:      vehumet_altar_wand_db, minmay_misc_feat_rows, serial_bayou_ford_a,
          lemuel_flamethrower_2
D:7:      nicolae_ru_the_path_less_chosen, minmay_temple_entry_grid
D:8:      lemuel_ice_statue, old_standard_altar, old_standard_altar,
          cheibriados_altar_1, gammafunk_temple_overflow_statue,
          minmay_lair_entry_lava, special_room
D:9:      overflow_temple_1_default, lemuel_blue_sif_altar
Temple:   nicolae_temple_no_exploring_needed

Skill      XL: |  1  2  3  4  5  6  7  8  9 10 |
---------------+-------------------------------+-----
Long Blades    | 2 3 4 |  4.2
Translocations | 4 5 6 |  6.0
Charms         | 1 2 3 |  3.2
Fighting       | 3 5 6 7 |  7.4
Dodging        | 3 4 6 |  6.8
Armour         | 1 3 4 |  4.6
Throwing       | |  0.8
Spellcasting   | |  2.1

Action                   |  1- 3 |  4- 6 |  7- 9 | 10-12 || total
-------------------------+-------+-------+-------+-------++-------
Melee: Falchion          |   108 |   229 |   342 |       ||   679
       Long sword        |       |       |   144 |    81 ||   225
 Cast: Shroud of Golubri |       |       |    20 |       ||    20
       Blink             |       |       |     1 |       ||     1
  Use: Potion            |       |     3 |     1 |       ||     4
       Scroll            |       |     1 |     5 |       ||     6
 Stab: Sleeping          |       |       |     4 |       ||     4
  Eat: Chunk             |       |     5 |    15 |     2 ||    22
       Meat ration       |       |       |     1 |       ||     1
